 Dungeon Crawl Stone Soup version 0.23.1 (webtiles) character file.

Game seed: 157980975325670060

51 night the Vexing (level 3, -4/26 HPs)
             Began as a Demonspawn Arcane Marksman on Mar 18, 2019.
             Slain by a gnoll
             ... wielding a cursed -2 whip
              (9 damage)
             ... on level 1 of the Dungeon.
             The game lasted 00:03:57 (1284 turns).

night the Vexing (Demonspawn Arcane Marksman)       Turns: 1284, Time: 00:03:58

Health: -4/26      AC:  4    Str: 10    XL:     3   Next: 58%
Magic:  4/4        EV: 12    Int: 15    God:
Gold:   64         SH:  0    Dex: 13    Spells: 3/4 levels left

rFire    . . .     SeeInvis .     - Unarmed
rCold    . . .     Gourm    .   (no shield)
rNeg     . . .     Faith    .   e - +0 robe
rPois    .         Spirit   .   k - +0 helmet
rElec    .         Reflect  .   b - scarf {cloud immunity}
rCorr    .         Harm     .   (no gloves)
MR       .....                  (no boots)
Stlth    +.........             (no amulet)
HPRegen  0.08/turn              (no ring)
MPRegen  0.09/turn              (no ring)

@: no status effects
A: rugged brown scales 1
a: no special abilities


You were on level 1 of the Dungeon.
You were not hungry.

You visited 1 branch of the dungeon, and saw 2 of its levels.

You collected 64 gold pieces.

Inventory:

Hand Weapons
 a - a +0 hand crossbow
Missiles
 d - 12 bolts
Armour
 b - a scarf of cloud immunity (worn)
 e - a +0 robe (worn)
 k - a +0 helmet (worn)
Scrolls
 c - a scroll of teleportation {unknown}
 g - a scroll of blinking {unknown}
 h - 2 scrolls of identify {unknown}
 l - a scroll of fear {unknown}
 n - a scroll of fog {unknown}
 o - a scroll of immolation {unknown}
 q - a scroll of amnesia {unknown}
Potions
 i - 2 potions of heal wounds {unknown}
 j - 3 potions of curing {unknown}
 m - a potion of invisibility {unknown}
Comestibles
 f - 2 rations
 p - a chunk of flesh


   Skills:
 - Level 1.0 Fighting
 + Level 2.2 Crossbows
 - Level 1.7 Dodging
 * Level 2.6 Unarmed Combat
 - Level 1.0 Spellcasting
 - Level 3.0 Hexes


You had 3 spell levels left.
You knew the following spells:

 Your Spells              Type           Power        Failure   Level  Hunger
a - Corona                Hex            #......      7%          1    ##.....

Your spell library contained the following spells:

 Spells                   Type           Power        Failure   Level  Hunger
 Slow                     Hex            #.......     11%         2    ###....
 Inner Flame              Hex/Fire       #.......     36%         3    ####...
 Portal Projectile        Hex/Tloc       #.....       36%         3    ####...
 Cause Fear               Hex            #.........   56%         4    #####..
 Leda's Liquefaction      Hex/Erth       #.........   78%         4    #####..


Dungeon Overview and Level Annotations

Branches:
Dungeon (2/15)

Altars:


Innate Abilities, Weirdness & Mutations

You are partially covered in rugged brown scales. (AC +1, +3% HP)


Message History

You climb upwards.
There is a stone staircase leading down here.
You are now empty-handed.
You are too injured to fight recklessly!
You are too injured to fight recklessly!
You barely miss the gnoll. The gnoll closely misses you.
You hit the gnoll but do no damage. The gnoll misses you.
You closely miss the gnoll.
The gnoll hits you with a cursed -2 whip.
You hit the gnoll.
The gnoll is moderately wounded.
The gnoll barely misses you.
You hit the gnoll.
The gnoll is heavily wounded.
The gnoll hits you with a cursed -2 whip.
* * * LOW HITPOINT WARNING * * *
You hit the gnoll.
The gnoll is severely wounded.
The gnoll hits you with a cursed -2 whip!
You die...

#### ...# #####
##.## #...# ##..#
#...##### ....##
#...#...#
###..#####...#.#@#
..##.....+.).'..g#
...#.####.......##
...#.####.####...#
...#.).....).#...#
...#)#..####.#.#.#
#..#.##.#....#.#.#
##.#.#..#.#....#.#
#.......#.#.####.#


You could see a gnoll.

Vanquished Creatures
  2 gnolls (D:2)
  A worm (D:2)
  A ball python (D:1)
  4 goblins (D:1)
  6 hobgoblins (D:1)
  3 bats (D:1)
  5 frilled lizards
  4 kobolds (D:1)
  5 rats (D:1)
31 creatures vanquished.

Notes
Turn   | Place    | Note
-------+----------+-------------------------------------------
     0 | D:1      | night the Demonspawn Arcane Marksman began the quest for
                  | the Orb.
     0 | D:1      | Reached XP level 1. HP: 15/15 MP: 2/2
    98 | D:1      | Reached skill level 1 in Unarmed Combat
   110 | D:1      | Gained mutation: You are partially covered in rugged brown
                  | scales. (AC +1, +3% HP) [demonic ancestry]
   110 | D:1      | Reached XP level 2. HP: 10/21 MP: 3/3
  1180 | D:2      | Reached XP level 3. HP: 26/26 MP: 4/4
  1284 | D:1      | Slain by a gnoll

Skill      XL: |  1  2 |
---------------+-------+-----
Unarmed Combat | 1 2 |  2.6
Crossbows      | 2 |  2.2
Fighting       | |  1.0
Dodging        | |  1.7
Spellcasting   | |  1.0
Hexes          | |  3.0

Action                   || total
-------------------------++-------
Melee: Unarmed           ||    79
 Fire: Hand crossbow     ||    22
  Eat: Chunk             ||     1
Armor: Robe              ||    23
Dodge: Dodged            ||    47
